 Dungeon Crawl Stone Soup version 0.29.0-4-gdea44cf6ec (webtiles) character file.

Game seed: 1004834521894254734

4 qw the Chopper (level 1, -2/12 HPs)
             Began as a Tengu Warper on Aug 28, 2022.
             Slain by a gnoll
             ... wielding a +0 spear
              (10 damage)
             ... on level 1 of the Dungeon.
             The game lasted 00:00:00 (94 turns).

qw the Chopper (Tengu Warper)                         Turns: 94, Time: 00:00:01

Health: -2/12      AC:  3    Str: 11    XL:     1   Next: 60%
Magic:  4/4        EV: 11    Int: 13    God:
Gold:   10         SH:  0    Dex: 13    Spells: 4/4 levels left

rFire   . . .      SeeInvis .   a - +0 hand axe
rCold   . . .      Faith    .   (no shield)
rNeg    . . .      Spirit   .   b - +0 leather armour
rPois   .          Reflect  .   (helmet restricted)
rElec   .          Harm     .   (no cloak)
rCorr   .          Rampage  .   (no gloves)
Will    .....                   (boots unavailable)
Stlth   +.........              (no amulet)
HPRegen 0.04/turn               (no ring)
MPRegen 0.09/turn               (no ring)

@: no status effects
A: beak, talons 3
a: no special abilities


You were on level 1 of the Dungeon.
You visited 1 branch of the dungeon, and saw 1 of its levels.

You collected 10 gold pieces.


Innate Abilities, Weirdness & Mutations

You have a beak for a mouth.
You have claws for feet.


   Skills:
 - Level 2.0 Fighting
 + Level 2.6 Axes
 - Level 1.0 Throwing
 - Level 1.1 Armour
 - Level 2.1 Dodging
 - Level 2.0 Spellcasting
 - Level 2.4 Translocations


You had 4 spell levels left.
You didn't know any spells.
Your spell library contained the following spells:

 Spells                   Type           Power      Damage    Failure   Level
 Blink                    Tloc           14%        N/A       19%         2
 Gell's Gravitas          Tloc           7%         N/A       36%         3
 Lesser Beckoning         Tloc           7%         N/A       36%         3
 Teleport Other           Tloc           7%         N/A       36%         3
 Manifold Assault         Tloc           7%         N/A       98%         5

Inventory:

Hand Weapons
 a - a +0 hand axe (weapon)
Armour
 b - a +0 leather armour (worn)
Scrolls
 c - a scroll of blinking

Dungeon Overview and Level Annotations

Branches:
Dungeon (1/15)

Altars:


Message History

The boomerang of dispersal hits the quokka.
The quokka blinks!
You now have 10 gold pieces.
A quokka is nearby!
Throw: 3 boomerangs (disperse)
Press: ? - help, Q - select action Shift-Dir - straight line, f/p - quokka You throw a boomerang of dispersal.
The boomerang of dispersal hits the quokka.
The quokka blinks!
A quokka is nearby!
Throw: 2 boomerangs (disperse)
Press: ? - help, Q - select action Shift-Dir - straight line, f/p - quokka You throw a boomerang of dispersal.
The boomerang of dispersal hits the quokka.
The quokka blinks!
Throw: boomerang (disperse)
Press: ? - help, Q - select action Shift-Dir - straight line, f/p - quokka You throw a boomerang of dispersal.
The boomerang of dispersal hits the quokka.
The quokka blinks!
You barely miss the quokka. Your kick misses the quokka.
The quokka is almost dead.
The quokka bites you.
You hit the quokka.
You kill the quokka!
You start resting.
HP restored.
A gnoll comes into view. It is wielding a +0 spear.
The gnoll shouts!
87 ||| Stepping ~*~*~tactically~*~*~ (hiding).
88 ||| Stepping ~*~*~tactically~*~*~ (hiding).
You start waiting.
A gnoll is nearby!
The gnoll hits you from afar with a +0 spear.
The gnoll barely misses you.
You hit the gnoll.
The gnoll is heavily wounded.
The gnoll hits you with a +0 spear!
Ouch! That really hurt!
You die...

###...###...####.#....#)#
#.............#.....#.#.#
#.............#.......#.####
#...###...###....##..##.....#
#...#<......#....##......##.#
#.. #.......#..........#.# #
##.............#####.#.#.#
#......#......# .....#.#
#...........@g#.###.#.#.#
#...#.......#........#.#..
#...#......>#...##########
#...###...###...# ......
...## ..... ....# ...## ..###
... ..# ## ##


You could see a gnoll.

Vanquished Creatures
  2 endoplasms (D:1)
  A quokka (D:1)
3 creatures vanquished.

Notes
Turn   | Place    | Note
-------+----------+-------------------------------------------
     0 | D:1      | qw the Tengu Warper began the quest for the Orb.
     0 | D:1      | Reached XP level 1. HP: 12/12 MP: 4/4
     0 | D:1      | 0 ||| qw: Version: 0.1-a-89-g26bdef1
     0 | D:1      | 0 ||| qw: Game counter: 2938
     0 | D:1      | 0 ||| qw: Always use a shield: true
     0 | D:1      | 0 ||| qw: God list: Okawaru
     0 | D:1      | 0 ||| qw: Allow faded altars: false
     0 | D:1      | 0 ||| qw: Do Orc after D:15 true
     0 | D:1      | 0 ||| qw: Do second Lair branch before Depths: true
     0 | D:1      | 0 ||| qw: Lair rune preference: random
     0 | D:1      | 0 ||| qw: Plans: Normal
     0 | D:1      | 0 ||| PLANNING D:1-11
    87 | D:1      | 87 ||| Stepping ~*~*~tactically~*~*~ (hiding).
    88 | D:1      | 88 ||| Stepping ~*~*~tactically~*~*~ (hiding).
    94 | D:1      | Slain by a gnoll

Levels and vault maps discovered:
D:1:      minmay_arrival_open_corners, layout_basic, serial_shops,
          nicolae_shop_trees, minmay_tall_x

Action                   || total
-------------------------++-------
Melee: Hand axe          ||     3
Throw: Boomerang         ||     7
Dodge: Dodged            ||     1

Table legend:
 A = Non-vault XP
 B = Vault XP
 C = Vault XP percentage of total XP
 D = Non-vault monster count
 E = Vault monster count
 F = Vault count percentage of total count
                 A         B        C        D         E       F
            +---------+---------+-------+---------+---------+-------
      Total |       6 |       0 |   0.0 |       3 |       0 |   0.0
            +---------+---------+-------+---------+---------+-------
        D:1 |       6 |       0 |   0.0 |       3 |       0 |   0.0
            +---------+---------+-------+---------+---------+-------
